 Dungeon Crawl Stone Soup version 0.18-a0-1800-gdc7a371 (webtiles) character file.

68273 Minkie the Eclecticist (level 14, -6/68 HPs)
             Began as a Deep Elf Fire Elementalist on Apr 25, 2016.
             Was the Champion of Vehumet.
             Mangled by a wolf spider (18 damage)
             ... on level 1 of the Spider Nest on Apr 26, 2016.
             The game lasted 03:46:09 (28697 turns).

Minkie the Eclecticist (DEFE)                      Turns: 28697, Time: 03:46:10

Health: -6/68      AC: 12    Str:  5    XL:     14   Next: 86%
Magic:  1/37       EV: 12    Int: 22    God:    Vehumet [******]
Gold:   1420       SH:  0    Dex: 19    Spells: 10 memorised, 7 levels left

rFire  + . .     SeeInvis .     f - staff of wizardry
rCold  x . .     Gourm    .     H - +2 leather armour of the Will of the Gods {+Inv rElec Regen+}
rNeg   . . .     Faith    .     (no shield)
rPois  .         Spirit   .     m - +0 helmet
rElec  +         Dismiss  .     w - +0 cloak
rCorr  .         Reflect  .     A - +0 pair of gloves
SustAt .         Harm     .     E - +1 pair of boots
MR     ++...                    (no amulet)
Stlth  ++........               U - ring of fire
                                p - ring of protection from magic

@: lethally poisoned (-6 -> -13), delayed fireball, deflect missiles, very
resistant to hostile enchantments, unstealthy
A: icy blue scales 1
a: Renounce Religion, Release Delayed Fireball, Evoke Invisibility


You were on level 1 of the Spider Nest.
You worshipped Vehumet.
Vehumet was exalted by your worship.
You were hungry.

You visited 5 branches of the dungeon, and saw 23 of its levels.
You also visited: Labyrinth, Ice Cave and Volcano.

You collected 2013 gold pieces.
You spent 593 gold pieces at shops.

Inventory:

Hand Weapons
 M - the +2 dagger "Beetleslayer" {pierce, +Blink Int+2}
   (You found it on level 9 of the Dungeon)

   It inflicts extra damage upon your enemies.
   It affects your intelligence (+2).
   It lets you blink.
Missiles
 o - 543 stones (quivered)
Armour
 m - a +0 helmet (worn)
 u - a +0 buckler
 w - a +0 cloak (worn)
 A - a +0 pair of gloves (worn)
 E - a +1 pair of boots (worn)
 H - the +2 leather armour of the Will of the Gods (worn) {+Inv rElec Regen+}
   (You found it on level 7 of the Dungeon)

   It insulates you from electricity.
   It lets you turn invisible.
   It increases your rate of regeneration.
Magical Staves
 f - an uncursed staff of wizardry (weapon)
Jewellery
 d - an uncursed ring of protection from fire
 p - a ring of protection from magic (left hand)
 F - an uncursed ring of protection from magic
 P - an uncursed ring of protection from cold
 S - an uncursed ring of protection from cold
 U - a ring of fire (right hand)
Wands
 g - a wand of acid (8/15)
 l - a wand of acid (8/15)
 t - a wand of paralysis (13/24)
 G - a wand of digging (24/24)
Scrolls
 a - a scroll of brand weapon {unknown}
 b - 3 scrolls of identify
 h - a scroll of enchant weapon
 i - 9 scrolls of teleportation
 j - 9 scrolls of remove curse
 x - 5 scrolls of fog
 y - a scroll of fear
 B - a scroll of blinking
Potions
 r - 5 potions of curing
 s - 6 potions of heal wounds
 v - 3 potions of cure mutation
 C - 3 potions of flight
 O - 2 potions of haste
Books
 e - a book of Air

   Spells                             Type                      Level
   a - Shock                          Conjuration/Air              1
   b - Swiftness                      Charms/Air                   2
   c - Repel Missiles                 Charms/Air                   2
   d - Static Discharge               Conjuration/Air              3
   e - Lightning Bolt                 Conjuration/Air              5
Comestibles
 c - 12 bread rations
 k - a meat ration
 n - 6 fruits
 J - 3 beef jerkies


   Skills:
 - Level 6.0 Armour
 - Level 2.4 Dodging
 - Level 2.4 Stealth
 + Level 17.9 Spellcasting
 + Level 11.9 Conjurations
 - Level 13.0 Charms
 + Level 12.3 Fire Magic
 + Level 10.3 Air Magic
 - Level 5.0 Evocations


You had 7 spell levels left.
You knew the following spells:

 Your Spells              Type           Power        Failure   Level  Hunger
a - Flame Tongue          Conj/Fire      #####        1%          1    None
b - Sticky Flame          Conj/Fire      #######.     1%          4    None
c - Fireball              Conj/Fire      #######...   1%          5    #......
d - Searing Ray           Conj           ######       1%          2    None
e - Airstrike             Air            ######....   1%          4    None
f - Haste                 Chrm           ######..     1%          6    ####...
g - Bolt of Fire          Conj/Fire      #######...   1%          6    ####...
h - Delayed Fireball      Conj/Fire      N/A          3%          7    ######.
i - Deflect Missiles      Chrm/Air       ######....   2%          6    ####...
k - Lightning Bolt        Conj/Air       ######....   1%          5    #......


Dungeon Overview and Level Annotations

Branches:
Dungeon (11/15)            Temple (1/1) D:4            Lair (8/8) D:11
 Spider (1/4) Lair:4          Orc (2/2) D:10            Elf (0/3) Orc:2
  Swamp: Lair:3-6    Shoals: Lair:3-6     Slime: Lair:6-8

Altars:
Ashenzari
Cheibriados
Dithmenos
Elyvilon
Fedhas
Gozag
Kikubaaqudgha
Makhleb
Nemelex Xobeh
Okawaru
Pakellas
Qazlal
Ru
Sif Muna
Trog
Vehumet
Xom
Yredelemnul
Zin
The Shining One
Beogh

Shops:
D:5 ?   Orc:2 (?:!

Portals:
Pandemonium: Orc:2


Innate Abilities, Weirdness & Mutations

You are partially covered in icy blue scales (AC +1).


Message History

The wolf spider misses you. The wolf spider barely misses you.
The wolf spider bites you!
* * * LOW HITPOINT WARNING * * *
The wolf spider burns!
The wolf spider burns!
The wolf spider hits you!
* * * LOW HITPOINT WARNING * * *
The wolf spider bites you but does no damage.
Drink which item? (? for menu, Esc to quit)
You feel much better.
The wolf spider burns!
The wolf spider closely misses you.
The wolf spider bites you but does no damage.
The wolf spider burns!
The wolf spider hits you!
* * * LOW HITPOINT WARNING * * *
The wolf spider bites you.
* * * LOW HITPOINT WARNING * * *
You are poisoned.
The wolf spider poisons you!
You feel sick.
The wolf spider burns!
You feel sick.
The wolf spider burns!
The wolf spider hits you!!
You die...

....### #...### ###.
#...#.###.....### #..
####...#...........# ......#..
#......#..........## ......##..
##......#.........## .......##..
##.......≈†........# ^......#..
#.......≈≈.........### #......###
#†....≈≈≈............###≈.≈.....#
†...†..≈.......s@.......≈≈#.....#
†.....##.........................
.......##........................
........#>.......................
......#.#........................
#################################


You could see a wolf spider (burning).

Vanquished Creatures
  The ghost of Arglure the Impaler, a journeyman MfGl of the Shining One (Lair:8)
  An orc warlord (Orc:2)
  Snorg (Lair:7)
  A minotaur (Lab)
  3 hydras
  7 orc high priests (Orc:2)
  A queen ant (D:10)
  Urug (D:10)
  A sun demon (Orc:2)
  Nergalle (Lair:1)
  2 gelid demonspawn (Orc:2)
  4 hill giants
  A torturous demonspawn (Orc:2)
  A putrid demonspawn (Orc:2)
  6 orc knights
  An orb spider (Spider:1)
  An ugly thing (D:11)
  11 wolf spiders (Spider:1)
  A griffon (Lair:7)
  8 orc sorcerers
  2 cyclopes
  2 ice statues (IceCv)
  Maurice (D:10)
  A rust devil (Orc:2)
  9 elephants (Lair:7)
  3 black mambas
  5 spiny frogs
  4 rime drakes
  An ice devil (Orc:2)
  5 komodo dragons
  3 demonic crawlers (Spider:1)
  A hellwing (Orc:2)
  5 trolls
  A two-headed ogre (D:10)
  9 jumping spiders (Spider:1)
  9 blink frogs (Lair:4)
  16 redbacks (Spider:1)
  Sigmund (D:6)
  3 tarantellas (Spider:1)
  12 yaks
  A wyvern (D:9)
  Eustachio (D:6)
  3 fire bats (Volcano)
  3 hippogriffs
  A hungry ghost (D:11)
  A basilisk (Lair:7)
  2 steam dragons
  5 wargs
  7 soldier ants (D:10)
  10 porcupines
  8 water moccasins
  41 orc warriors
  2 sky beasts
  2 wasps
  18 ice beasts
  A necrophage (D:7)
  2 phantoms
  10 ogres
  11 wolves
  9 crocodiles
  2 centaurs
  2 big kobolds (D:10)
  19 giant frogs
  Blork the orc (D:6)
  8 scorpions
  5 killer bees (D:9)
  4 howler monkeys
  10 wights
  6 electric eels
  5 lava snakes (Volcano)
  2 centaur zombies
  5 crimson imps
  2 giant frog skeletons
  A giant frog zombie (D:11)
  A jelly (D:10)
  9 hounds
  18 orc wizards
  28 orc priests
  7 iguanas
  Crazy Yiuf (D:3)
  Natasha (twice) (D:4)
  23 worker ants
  5 sheep (Lair:5)
  A hound zombie (D:5)
  2 hound skeletons
  3 worker ant zombies
  A howler monkey skeleton (D:10)
  7 gnolls
  14 adders
  26 river rats
  5 shadow imps
  An ooze (D:2)
  An adder zombie (D:9)
  5 worms
  A dart slug (D:3)
  11 giant geckos
  85 orcs
  6 giant cockroaches
  9 goblins
  11 hobgoblins
  11 jackals
  16 kobolds
  5 quokkas
  9 bats
  3 giant newts (D:3)
  2 quokka skeletons
  7 rats
  2 fungi
  4 plants (D:11)
699 creatures vanquished.

Vanquished Creatures (others)
  18 fungi
  5 plants
23 creatures vanquished.

Grand Total: 722 creatures vanquished

Notes
Turn   | Place    | Note
--------------------------------------------------------------
     0 | D:1      | Minkie the Deep Elf Fire Elementalist began the quest for the Orb.
     0 | D:1      | Reached XP level 1. HP: 10/10 MP: 6/6
   162 | D:1      | Reached XP level 2. HP: 7/15 MP: 4/8
   861 | D:1      | Reached XP level 3. HP: 19/19 MP: 8/10
   982 | D:2      | Found a shattered altar of Ashenzari.
  1035 | D:2      | Reached skill level 4 in Spellcasting
  1714 | D:2      | Reached XP level 4. HP: 24/24 MP: 4/12
  1920 | D:2      | Learned a level 4 spell: Sticky Flame
  2300 | D:3      | Reached XP level 5. HP: 28/28 MP: 7/14
  2382 | D:3      | Found a glowing golden altar of the Shining One.
  2445 | D:3      | Learned a level 5 spell: Fireball
  2632 | D:3      | Reached skill level 5 in Spellcasting
  2814 | D:3      | Noticed Crazy Yiuf
  2830 | D:3      | Killed Crazy Yiuf
  3179 | D:4      | Found a staircase to the Ecumenical Temple.
  3198 | Temple   | Entered the Ecumenical Temple
  3371 | D:4      | Noticed Natasha
  3377 | D:4      | Killed Natasha
  3467 | D:4      | Noticed Natasha
  3476 | D:4      | Killed Natasha
  3476 | D:4      | Reached skill level 5 in Fire Magic
  3476 | D:4      | Reached XP level 6. HP: 32/32 MP: 8/16
  3518 | D:4      | Found a basalt altar of Yredelemnul.
  3576 | D:4      | Found a deep blue altar of Sif Muna.
  3645 | D:4      | Reached skill level 6 in Spellcasting
  4249 | D:5      | Entered Level 5 of the Dungeon
  4251 | D:5      | Noticed a sky beast
  4252 | D:5      | Reached XP level 7. HP: 36/36 MP: 13/18
  4259 | D:5      | Reached skill level 5 in Conjurations
  4637 | D:5      | Reached skill level 7 in Spellcasting
  5145 | D:5      | Found Cufism's Magic Scroll Boutique.
  5148 | D:5      | Bought a scroll of identify for 22 gold pieces
  5148 | D:5      | Bought a scroll of teleportation for 33 gold pieces
  5148 | D:5      | Bought a scroll of identify for 22 gold pieces
  5148 | D:5      | Bought a scroll of identify for 22 gold pieces
  5148 | D:5      | Bought a scroll of remove curse for 33 gold pieces
  5218 | D:5      | Found a white marble altar of Elyvilon.
  5228 | D:5      | Found a radiant altar of Vehumet.
  5232 | D:5      | Became a worshipper of Vehumet
  5501 | D:6      | Noticed Blork the orc
  5510 | D:6      | Killed Blork the orc
  5830 | D:6      | Reached XP level 8. HP: 38/41 MP: 11/21
  6043 | D:6      | Noticed Eustachio
  6052 | D:6      | Killed Eustachio
  6177 | D:6      | Reached skill level 8 in Spellcasting
  6212 | D:6      | Found a blossoming altar of Fedhas.
  6444 | D:6      | Noticed Sigmund
  6791 | D:6      | Killed Sigmund
  7014 | D:7      | Reached skill level 9 in Spellcasting
  7150 | D:7      | Reached * piety under Vehumet
  7150 | D:7      | Offered knowledge of Freeze by Vehumet.
  7161 | D:7      | Reached XP level 9. HP: 40/45 MP: 11/24
  7497 | D:7      | Found a shadowy altar of Dithmenos.
  7497 | D:7      | Found an opulent altar of Gozag.
  7766 | D:7      | Found an iron altar of Okawaru.
  7863 | D:7      | Reached ** piety under Vehumet
  7863 | D:7      | Offered knowledge of Searing Ray by Vehumet.
  7867 | D:7      | Learned a level 2 spell: Searing Ray
  7917 | D:7      | Got a spiked leather armour
  7928 | D:7      | Identified the +2 leather armour of the Will of the Gods {+Inv rElec Regen+} (You found it on level 7 of the Dungeon)
  8237 | D:7      | Reached skill level 1 in Armour
  8295 | D:7      | Found an oddly glowing altar of Pakellas.
  8411 | D:8      | Reached skill level 10 in Spellcasting
  9100 | D:8      | Found a sacrificial altar of Ru.
  9174 | D:9      | Got an encrusted dagger
  9195 | D:9      | Identified the +2 dagger "Beetleslayer" {pierce, +Blink Int+2} (You found it on level 9 of the Dungeon)
  9440 | D:9      | Reached XP level 10. HP: 34/50 MP: 19/26
  9492 | D:9      | Gained mutation: You are partially covered in icy blue scales (AC +1). [mutagenic meat]
  9531 | D:9      | Offered knowledge of Ignite Poison by Vehumet.
  9845 | D:9      | Reached *** piety under Vehumet
 10033 | D:10     | Entered Level 10 of the Dungeon
 10123 | D:10     | Reached skill level 11 in Spellcasting
 10500 | D:10     | Offered knowledge of Olgreb's Toxic Radiance by Vehumet.
 10721 | D:10     | Noticed Maurice
 10731 | D:10     | Reached skill level 10 in Fire Magic
 10732 | D:10     | Killed Maurice
 10959 | D:10     | Reached **** piety under Vehumet
 10974 | D:10     | Offered knowledge of Venom Bolt by Vehumet.
 11214 | D:10     | Reached skill level 10 in Conjurations
 11358 | D:10     | Noticed Urug
 11363 | D:10     | Killed Urug
 11363 | D:10     | Reached skill level 12 in Spellcasting
 11363 | D:10     | Reached XP level 11. HP: 38/54 MP: 9/29
 11365 | D:10     | Noticed a hill giant
 11372 | D:10     | Noticed a hill giant
 11489 | D:10     | Killed a hill giant
 11489 | D:10     | Reached skill level 5 in Armour
 11585 | D:10     | Noticed a hill giant
 11591 | D:10     | Killed a hill giant
 11783 | D:10     | Killed a hill giant
 11857 | D:10     | Noticed a queen ant
 11860 | D:10     | Killed a queen ant
 12087 | D:10     | Found a staircase to the Orcish Mines.
 12496 | D:11     | Found a glowing golden altar of the Shining One.
 12566 | D:11     | Noticed a six-headed hydra
 12569 | D:11     | Killed a six-headed hydra
 13101 | D:11     | Reached ***** piety under Vehumet
 13222 | D:11     | Found a staircase to the Lair.
 13353 | Lair:1   | Entered Level 1 of the Lair of Beasts
 13421 | Lair:1   | Reached skill level 13 in Spellcasting
 13482 | Lair:1   | Reached skill level 1 in Evocations
 13508 | Lair:1   | Offered knowledge of Airstrike by Vehumet.
 13589 | D:11     | Noticed a purple ugly thing
 13629 | D:11     | Learned a level 4 spell: Airstrike
 13661 | D:11     | Killed a purple ugly thing
 13661 | D:11     | Reached skill level 1 in Air Magic
 13774 | Lair:1   | Learned a level 6 spell: Haste
 14068 | Lair:1   | Reached skill level 1 in Charms
 14308 | Lair:1   | Noticed Nergalle
 14406 | Lair:1   | Reached XP level 12. HP: 59/59 MP: 28/31
 14466 | Lair:1   | Killed Nergalle
 14639 | Lair:1   | Got a smoking leather armour
 14650 | Lair:1   | Identified the cursed +0 leather armour of the Mind {-Cast rN+ Int+2} (You found it on level 1 of the Lair of Beasts)
 15332 | Lair:2   | Noticed an eight-headed hydra
 15338 | Lair:2   | Killed an eight-headed hydra
 15503 | Lair:2   | Found a dark tunnel.
 15510 | Volcano  | Entered a volcano
 15912 | Volcano  | Found a radiant altar of Vehumet.
 16783 | Lair:3   | Noticed an eight-headed hydra
 16789 | Lair:3   | Killed an eight-headed hydra
 16925 | Lair:3   | Reached skill level 14 in Spellcasting
 17185 | Lair:3   | Reached skill level 5 in Charms
 17798 | Lair:4   | Reached skill level 5 in Evocations
 18372 | Lair:4   | Reached skill level 5 in Air Magic
 18425 | Lair:4   | Found a hole to the Spider Nest.
 18785 | Lair:5   | You fall through a shaft for 3 floors!
 18785 | Lair:8   | Entered Level 8 of the Lair of Beasts
 18785 | Lair:8   | Found a glowing golden altar of the Shining One.
 18925 | Lair:8   | Noticed Arglure's ghost (journeyman MfGl)
 18941 | Lair:8   | Killed Arglure's ghost
 19167 | Lair:7   | Reached skill level 15 in Spellcasting
 19171 | Lair:7   | Noticed Snorg
 19182 | Lair:7   | Reached XP level 13. HP: 46/63 MP: 14/34
 19323 | Lair:7   | Learned a level 6 spell: Bolt of Fire
 19333 | Lair:8   | Learned a level 7 spell: Delayed Fireball
 19469 | Lair:7   | Killed Snorg
 19889 | Lair:7   | Offered knowledge of Freezing Cloud by Vehumet.
 20362 | Lair:6   | Found a labyrinth entrance.
 20387 | Lab      | Entered a labyrinth
 20500 | Lab      | Noticed a minotaur
 20523 | Lab      | Killed a minotaur
 20638 | Lair:6   | HP: 3/63 [poisoned by a black mamba]
 20640 | Lair:7   | HP: 1/63 [poisoned by a black mamba]
 20958 | Lair:7   | Reached skill level 10 in Charms
 21773 | Lair:1   | Identified a +4 rod of inaccuracy (12/12) (You found it in a labyrinth)
 21783 | Lair:1   | Learned a level 6 spell: Deflect Missiles
 21840 | D:11     | Reached skill level 16 in Spellcasting
 22036 | Orc:1    | Entered Level 1 of the Orcish Mines
 22269 | Orc:1    | Found a roughly hewn altar of Beogh.
 22377 | Orc:2    | Entered Level 2 of the Orcish Mines
 22424 | Orc:2    | Found a staircase to the Elven Halls.
 22672 | Orc:2    | Found a frozen archway.
 22736 | IceCv    | Entered an ice cave
 23153 | Orc:2    | Offered knowledge of Iskenderun's Battlesphere by Vehumet.
 23267 | Orc:2    | Found Ceneix's Magic Scroll Shoppe.
 23269 | Orc:2    | Found Plog's Distillery.
 23359 | Orc:2    | HP: 1/63 [rust devil (5)]
 23360 | Orc:1    | Noticed a stone giant
 23371 | Orc:2    | HP: 3/63 [rust devil (6)]
 23649 | Orc:2    | Bought a potion of degeneration for 16 gold pieces
 23881 | Orc:2    | Reached XP level 14. HP: 68/68 MP: 20/36
 24231 | Orc:2    | Reached skill level 17 in Spellcasting
 24858 | Orc:2    | Noticed an orc warlord
 25354 | Orc:1    | Learned a level 5 spell: Iskenderun's Battlesphere
 26292 | Orc:2    | Found Moduqohu's Book Boutique.
 26292 | Orc:2    | Found Muyr's Antique Weapon Shop.
 26292 | Orc:2    | Found a one-way gate leading to the halls of Pandemonium.
 26298 | Orc:2    | Bought a book of Air for 385 gold pieces
 26304 | Orc:2    | Learned a level 5 spell: Lightning Bolt
 26364 | Orc:2    | Bought a scroll of identify for 20 gold pieces
 26364 | Orc:2    | Bought a scroll of identify for 20 gold pieces
 26364 | Orc:2    | Bought a scroll of identify for 20 gold pieces
 26614 | Orc:1    | Offered knowledge of Bolt of Magma by Vehumet.
 26833 | Orc:1    | Noticed an orc warlord
 27088 | Orc:2    | Killed an orc warlord
 27550 | Spider:1 | Entered Level 1 of the Spider Nest
 28004 | Spider:1 | Reached skill level 10 in Air Magic
 28553 | Spider:1 | Reached ****** piety under Vehumet
 28697 | Spider:1 | Mangled by a wolf spider

Vault maps used:
D:1:      zelgadis_glass_arrival_small
D:2:      evilmike_ruin_ashenzari, first_bread
D:3:      old_standard_altar, uniq_crazy_yiuf_cottage
D:4:      kennysheep_little_box, lemuel_blue_sif_altar,
          minmay_temple_entry_nine_rooms, gup_sewer_entry_spiral, uniq_natasha
D:5:      amethyst_overflow_temple_binary, serial_shops, shop
D:6:      lemuel_crystal_altar, uniq_eustachio, uniq_sigmund, uniq_blork_the_orc
D:7:      nicolae_overflow_hidden_temple, grunt_ogre_cave,
          okawaru_altar_gauntlet_db
D:8:      kennysheep_mini_moat
D:9:      kennysheep_small_square
D:10:     david_orc_4, kennysheep_decorative_pillar, minmay_another_anthill,
          uniq_urug, uniq_maurice
D:11:     dpeg_oklobed_lair, hangedman_decor_opposing, tso_metal_star
Temple:   nicolae_temple_figure_zero
Lair:1:   minivault_19, dpeg_stationary_puzzle, uniq_nergalle
Lair:2:   nicolae_volcano_entry_s_turn
Lair:3:   st_stairs_9, serial_bayou_pond_a, serial_bayou_shore_a,
          grunt_megastairs_2
Lair:4:   spider_nest_entry_web_field
Lair:5:   minmay_shoals_entry_centaurs, grunt_megastairs_5
Lair:6:   beast_lair_carwin_large_2, minmay_slime_entry_oklob_enclosed,
          lab_entry_generic, dpeg_oklob_1, infiniplex_staircase_pool
Lair:7:   beast_lair_carwin_large_1, serial_bayou, serial_bayou_lagoon_a,
          serial_bayou_pond_d, serial_bayou_ford_a, serial_bayou_shore_b,
          serial_bayou_shore_b, lemuel_fruit_fields, uniq_snorg
Lair:8:   minmay_lair_end_enchanted_forest, basic_altar
Orc:1:    basic_altar
Orc:2:    pf_orc_diabolical, portal_ice_cave_entry_ice_beasts
Lab:      labyrinth_spiral
IceCv:    ice_cave_statue_garden_01
Volcano:  volcano_grotto

Skill      XL: |  1  2  3  4  5  6  7  8  9 10 11 12 13 14 |
---------------+-------------------------------------------+-----
Conjurations   | 2 3 4 5 7 8 10 11 | 11.9
Spellcasting   | 4 5 6 7 9 10 12 13 15 16 17 | 17.9
Fire Magic     | 4 5 6 8 9 10 11 12 | 12.3
Armour         | 3 4 6 |  6.0
Evocations     | 2 5 |  5.0
Air Magic      | 2 5 8 10 | 10.3
Charms         | 2 8 12 13 | 13.0
Dodging        | |  2.4
Stealth        | |  2.4

Action                   |  1- 3 |  4- 6 |  7- 9 | 10-12 | 13-15 || total
-------------------------+-------+-------+-------+-------+-------++-------
Melee: Dagger            |       |    45 |     1 |     8 |       ||    54
       Quarterstaff      |       |    15 |    23 |       |       ||    38
       Mace              |       |       |       |    30 |       ||    30
       Staff             |       |       |       |     1 |     4 ||     5
Throw: Stone             |       |     4 |     8 |    12 |     1 ||    25
 Cast: Flame Tongue      |    80 |    72 |   201 |   268 |   133 ||   754
       Sticky Flame      |       |    19 |    17 |    64 |    25 ||   125
       Fireball          |       |       |     9 |    83 |   156 ||   248
       Searing Ray       |       |       |    21 |    57 |    60 ||   138
       Airstrike         |       |       |       |    29 |    65 ||    94
       Bolt of Fire      |       |       |       |       |    32 ||    32
       Delayed Fireball  |       |       |       |       |     3 ||     3
       Deflect Missiles  |       |       |       |       |     2 ||     2
       Haste             |       |       |       |       |    12 ||    12
       Lightning Bolt    |       |       |       |       |     4 ||     4
       Iskenderun's Batt |       |       |       |       |     4 ||     4
 Abil: Release Delayed F |       |       |       |       |     2 ||     2
  Use: Scroll            |       |       |     7 |    14 |     8 ||    29
       Potion            |       |       |       |       |     4 ||     4
 Stab: Sleeping          |       |     5 |     1 |     1 |       ||     7
       Petrifying        |       |       |     1 |       |       ||     1
       Petrified         |       |       |     1 |       |       ||     1
  Eat: Chunk             |     2 |    11 |    13 |    32 |    28 ||    86
       Beef jerky        |       |       |     2 |     3 |     3 ||     8
       Royal jelly       |       |       |     2 |     1 |       ||     3
       Pizza             |       |       |       |     2 |     1 ||     3
       Meat ration       |       |       |       |       |     2 ||     2
Armor: Robe              |    10 |     6 |    12 |       |       ||    28
       Leather armour    |       |       |    14 |   105 |    83 ||   202
Dodge: Dodged            |    20 |    37 |    71 |   166 |   137 ||   431
       Deflected         |       |       |       |       |    19 ||    19
